Senators vs IceHogs

Created - April 24, 2021 at 21:23

Goals
1 2 3 T
Senators 1 1 1 3
IceHogs 1 1 0 2
Shots
1 2 3 T
Senators 15 5 13 33
IceHogs 9 4 12 25

1st period

1. Senators , Jonathan Ferland 52 (Zachary Sanford 22, Tomas Jurco 29) at 5:07
2. IceHogs , Martins Karsums 22 (Michael Chaput 31) at 15:07

Penalties :
Dylan Blujus (Bel) for Interference (Minor) at 0:43, Petter Granberg (Roc) for Slashing (Minor) at 6:12

2nd period

3. IceHogs , Stefan Matteau 35 (Ben Harpur 32, Michael Chaput 32) at 0:16
4. Senators , Zachary Sanford 30 (Kevin Rooney 20) at 6:06

Penalties :
Craig Cunningham (Roc) for Boarding (Minor) at 6:48, Eric Mestery (Bel) for Hooking (Minor) at 16:51

3rd period

5. Senators , Jonathan Ferland 53 (Zachary Sanford 23, Kevin Rooney 21) at 16:07 (PP)

Penalties :
Teemu Pulkkinen (Roc) for Hooking (Minor) at 15:49, Ben Harpur (Roc) for Hooking (Minor) at 19:02

Goalie Stats

Justin Peters (Bel), 23 saves from 25 shots - (0.920), W, 26-25-3, 60:00 minutes
Joe Cannata (Roc), 30 saves from 33 shots - (0.909), L, 28-18-5, 60:00 minutes

Players Stats for Senators

Player Name              G  A  P  +/- PIM S  H  SB GA TA FO     MP     PP MP  PK MP  
------------------------------------------------------------------------------------
Adam Ollas-Mattsson      0  0  0   1  0   0  0  0  0  0  0/0     4:52   0:00   0:09 
Anthony Richard          0  0  0   0  0   2  0  0  1  0  2/3     8:40   0:00   0:00 
Brett Bulmer             0  0  0   0  0   0  0  0  1  0  0/0     8:40   0:00   0:00 
Chandler Stephenson      0  0  0  -2  0   3  0  1  0  0  9/14   16:03   2:18   0:00 
Dylan Blujus             0  0  0  -1  2   1  0  2  0  1  0/0    22:59   2:29   0:45 
Eric Mestery             0  0  0   0  2   2  4  4  0  0  0/0    19:37   2:44   0:46 
Grant Besse              0  0  0   0  0   0  0  0  0  0  0/1    10:59   0:00   0:00 
Jack Dougherty           0  0  0   0  0   0  0  1  0  0  0/0    20:50   2:44   2:00 
Jake Evans               0  0  0   0  0   3  1  0  1  1  2/5    11:08   0:00   0:30 
Joel Eriksson Ek         0  0  0   0  0   0  0  0  0  0  0/0     0:21   0:00   0:00 
Jonathan Ferland         2  0  2   2  0   7  1  0  1  0  1/6    22:25   2:55   2:07 
Joonas Lyytinen          0  0  0   0  0   0  2  0  0  0  0/0    13:19   0:00   2:18 
Kevin Rooney             0  2  2   2  0   1  2  1  0  0  7/12   20:38   2:55   0:24 
Kyle Connor              0  0  0   0  0   1  0  0  3  0  0/0    11:11   0:00   0:10 
Philippe Myers           0  0  0   0  0   1  1  0  0  0  0/0    12:28   0:00   0:00 
Scott Harrington         0  0  0   0  0   1  0  1  1  0  0/0    26:01   2:29   1:58 
Tomas Jurco              0  1  1  -2  0   1  0  0  0  0  0/0    18:16   2:18   2:07 
Warren Foegele           0  0  0   0  0   1  0  0  0  0  0/0     8:40   0:00   0:00 
Zachary Sanford          1  2  3   2  0   7  4  0  3  1  1/4    21:09   2:55   0:57 
Zemgus Girgensons        0  0  0  -2  0   2  2  0  0  0  0/1    17:44   2:18   1:41 

Players Stats for IceHogs

Player Name              G  A  P  +/- PIM S  H  SB GA TA FO     MP     PP MP  PK MP  
------------------------------------------------------------------------------------
Ben Harpur               0  1  1   1  2   1  2  1  0  1  0/0    24:45   2:18   2:21 
Craig Cunningham         0  0  0  -1  2   5  3  1  1  0  0/0    16:25   1:51   1:09 
Curtis Lazar             0  0  0   0  0   0  0  0  0  0  0/0    10:07   0:00   0:00 
Julius Honka             0  0  0  -1  0   0  2  0  0  0  0/0    15:11   0:00   1:38 
Martins Karsums          1  0  1   1  0   1  4  0  0  0  3/5    21:08   2:06   2:50 
Mattias Janmark          0  0  0   0  0   1  1  0  0  0  0/0    10:07   0:00   0:00 
Michael Chaput           0  2  2   1  0   4  4  0  0  0  11/24  19:48   2:06   1:16 
Mike Reilly              0  0  0   0  0   2  2  0  1  1  0/0    19:40   1:40   2:08 
Mikhail Grigorenko       0  0  0   0  0   0  1  0  0  1  2/3    12:25   0:00   1:23 
Nick Mattson             0  0  0   0  0   0  5  0  0  2  0/0    19:44   1:40   2:12 
Oliver Bjorkstrand       0  0  0  -1  0   2  0  0  0  0  0/2    15:03   1:51   0:00 
Patrick Sieloff          0  0  0  -1  0   0  1  0  0  2  0/0    14:34   0:00   0:14 
Petter Granberg          0  0  0   1  2   1  3  1  0  2  0/0    25:04   2:18   1:53 
Rhett Rakhshani          0  0  0   0  0   0  2  0  1  1  0/0    11:05   0:01   0:00 
Sam Reinhart             0  0  0   0  0   1  1  0  0  0  0/0    10:27   0:01   0:00 
Stefan Matteau           1  0  1   1  0   5  2  0  0  0  1/2    21:48   2:06   2:53 
Tanner Richard           0  0  0  -1  0   1  4  1  0  0  7/10   15:29   1:51   0:13 
Teemu Pulkkinen          0  0  0   0  2   1  2  0  0  1  0/0    11:53   0:01   0:42 

3 Stars

1 - Zachary Sanford (Bel)
2 - Jonathan Ferland (Bel)
3 - Kevin Rooney (Bel)

Power Play

Senators - 1 on 4 Attempt(s) - 25.00%
IceHogs - 0 on 2 Attempt(s) - 0.00%

Penalty Kill

Senators - 2 on 2 Attempt(s) - 100.00% - Score 0 goal in Penalty Kill
IceHogs - 3 on 4 Attempt(s) - 75.00% - Score 0 goal in Penalty Kill

Team Stat

Senators - Hits : 17 - Faceoff Wins : 22 - Blocked Shots : 10 - Penalty Minutes : 4
IceHogs - Hits : 39 - Faceoff Wins : 24 - Blocked Shots : 4 - Penalty Minutes : 8

Official

Referees : Unknown
Linesman : Unknown

Game Notes

No Game Note

Finance

Level 1 -- Attendance: 1232 (61.60%) -- Ticket Income $49,280
Level 2 -- Attendance: 666 (66.60%) -- Ticket Income $13,320
Total Attendance: 1898 (63.27%)
Total Ticket Income: $62,600
Other Income: $3,130
Total Income: $65,730

Senators

5 vs 5 Forward 
   Center                   Left Wing                Right Wing               Time % Phy DF OF 
 1 Kevin Rooney             Zachary Sanford          Jonathan Ferland         40     1   2  2  
 2 Chandler Stephenson      Zemgus Girgensons        Tomas Jurco              30     1   2  2  
 3 Jake Evans               Kyle Connor              Grant Besse              20     1   2  2  
 4 Anthony Richard          Warren Foegele           Brett Bulmer             10     1   2  2  

5 vs 5 Defense 
   Defense                  Defense                                           Time % Phy DF OF 
 1 Scott Harrington         Dylan Blujus                                      40     1   2  2  
 2 Eric Mestery             Jack Dougherty                                    30     1   2  2  
 3 Philippe Myers           Joonas Lyytinen                                   20     1   2  2  
 4 Adam Ollas-Mattsson      Scott Harrington                                  10     1   2  2  

PowerPlay Forward 
   Center                   Left Wing                Right Wing               Time % Phy DF OF 
 1 Kevin Rooney             Zachary Sanford          Jonathan Ferland         60     1   2  2  
 2 Chandler Stephenson      Zemgus Girgensons        Tomas Jurco              40     1   2  2  

PowerPlay Defense
   Defense                  Defense                                           Time % Phy DF OF 
 1 Scott Harrington         Dylan Blujus                                      60     1   2  2  
 2 Eric Mestery             Jack Dougherty                                    40     1   2  2  

Penalty Kill 4 Players Forward 
   Center                   Wing                     Time % Phy DF OF 
 1 Jonathan Ferland         Tomas Jurco              60     1   2  2  
 2 Zachary Sanford          Zemgus Girgensons        40     1   2  2  

Penalty Kill 4 Players Defense
   Defense                  Defense                  Time % Phy DF OF 
 1 Scott Harrington         Dylan Blujus             60     1   2  2  
 2 Eric Mestery             Jack Dougherty           40     1   2  2  

Penalty Kill - 3 Players Forward 
   Forward                                           Time % Phy DF OF 
 1 Jonathan Ferland                                  60     1   2  2  
 2 Tomas Jurco                                       40     1   2  2  

Penalty Kill - 3 Players Defense
   Defense                  Defense                  Time % Phy DF OF 
 1 Scott Harrington         Dylan Blujus             60     1   2  2  
 2 Eric Mestery             Jack Dougherty           40     1   2  2  

4 vs 4 Forward 
   Center                   Wing                     Time % Phy DF OF 
 1 Jonathan Ferland         Tomas Jurco              60     1   2  2  
 2 Zachary Sanford          Zemgus Girgensons        40     1   2  2  

4 vs 4 Defense
   Defense                  Defense                  Time % Phy DF OF 
 1 Scott Harrington         Dylan Blujus             60     1   2  2  
 2 Eric Mestery             Jack Dougherty           40     1   2  2  

Last Minutes Offensive
   Center                   Left Wing                Right Wing               Defense                  Defense                  
   Kevin Rooney             Zachary Sanford          Jonathan Ferland         Scott Harrington         Dylan Blujus             

Last Minutes Defensive
   Center                   Left Wing                Right Wing               Defense                  Defense                  
   Kevin Rooney             Zachary Sanford          Jonathan Ferland         Scott Harrington         Dylan Blujus             

Goaltenders
Starting : Justin Peters            
Backup : Sami Aittokallio         

Extra Forwards
Normal : Joel Eriksson Ek, Kyle Connor, Jake Evans - PP : Joel Eriksson Ek, Kyle Connor - PK : Jake Evans
Extra Defensemen
Normal : Philippe Myers, Joonas Lyytinen, Adam Ollas-Mattsson - PP : Philippe Myers - PK : Joonas Lyytinen, Adam Ollas-Mattsson
Penalty Shots
Jonathan Ferland, Tomas Jurco, Zachary Sanford, Zemgus Girgensons, Kevin Rooney

Scratches
Jordan Schroeder (Healthy), Zach Nastasiuk (Healthy), Jonas Siegenthaler (Healthy), Mason Geertsen (Healthy), Nathan Gerbe (Sore Right Knee Injury)
Blake Coleman (Healthy), Keegan Lowe (Left Forearm Injury), Branden Troock (Healthy), Nick Foligno (Healthy), Gustav Forsling (Healthy)
A.J. Jenks (Healthy), Maxim Letunov (Healthy), Pontus Sjalin (Healthy), Keven Bouchard (Healthy)

IceHogs

5 vs 5 Forward 
   Center                   Left Wing                Right Wing               Time % Phy DF OF 
 1 Michael Chaput           Stefan Matteau           Martins Karsums          40     1   2  2  
 2 Tanner Richard           Craig Cunningham         Oliver Bjorkstrand       30     1   2  2  
 3 Mikhail Grigorenko       Teemu Pulkkinen          Rhett Rakhshani          20     1   2  2  
 4 Curtis Lazar             Mattias Janmark          Sam Reinhart             10     1   2  2  

5 vs 5 Defense 
   Defense                  Defense                                           Time % Phy DF OF 
 1 Petter Granberg          Ben Harpur                                        40     1   2  2  
 2 Nick Mattson             Mike Reilly                                       30     1   2  2  
 3 Patrick Sieloff          Julius Honka                                      20     1   2  2  
 4 Petter Granberg          Ben Harpur                                        10     1   2  2  

PowerPlay Forward 
   Center                   Left Wing                Right Wing               Time % Phy DF OF 
 1 Michael Chaput           Stefan Matteau           Martins Karsums          60     1   2  2  
 2 Tanner Richard           Craig Cunningham         Oliver Bjorkstrand       40     1   2  2  

PowerPlay Defense
   Defense                  Defense                                           Time % Phy DF OF 
 1 Petter Granberg          Ben Harpur                                        60     1   2  2  
 2 Nick Mattson             Mike Reilly                                       40     1   2  2  

Penalty Kill 4 Players Forward 
   Center                   Wing                     Time % Phy DF OF 
 1 Martins Karsums          Stefan Matteau           60     1   2  2  
 2 Michael Chaput           Craig Cunningham         40     1   2  2  

Penalty Kill 4 Players Defense
   Defense                  Defense                  Time % Phy DF OF 
 1 Petter Granberg          Ben Harpur               60     1   2  2  
 2 Nick Mattson             Mike Reilly              40     1   2  2  

Penalty Kill - 3 Players Forward 
   Forward                                           Time % Phy DF OF 
 1 Martins Karsums                                   60     1   2  2  
 2 Stefan Matteau                                    40     1   2  2  

Penalty Kill - 3 Players Defense
   Defense                  Defense                  Time % Phy DF OF 
 1 Petter Granberg          Ben Harpur               60     1   2  2  
 2 Nick Mattson             Mike Reilly              40     1   2  2  

4 vs 4 Forward 
   Center                   Wing                     Time % Phy DF OF 
 1 Martins Karsums          Stefan Matteau           60     1   2  2  
 2 Michael Chaput           Craig Cunningham         40     1   2  2  

4 vs 4 Defense
   Defense                  Defense                  Time % Phy DF OF 
 1 Petter Granberg          Ben Harpur               60     1   2  2  
 2 Nick Mattson             Mike Reilly              40     1   2  2  

Last Minutes Offensive
   Center                   Left Wing                Right Wing               Defense                  Defense                  
   Michael Chaput           Stefan Matteau           Martins Karsums          Petter Granberg          Ben Harpur               

Last Minutes Defensive
   Center                   Left Wing                Right Wing               Defense                  Defense                  
   Michael Chaput           Stefan Matteau           Martins Karsums          Petter Granberg          Ben Harpur               

Goaltenders
Starting : Joe Cannata              
Backup : Mackenzie Blackwood      

Extra Forwards
Normal : Teemu Pulkkinen, Rhett Rakhshani, Mikhail Grigorenko - PP : Teemu Pulkkinen, Rhett Rakhshani - PK : Mikhail Grigorenko
Extra Defensemen
Normal : Patrick Sieloff, Julius Honka, Nick Mattson - PP : Patrick Sieloff - PK : Julius Honka, Nick Mattson
Penalty Shots
Martins Karsums, Stefan Matteau, Michael Chaput, Craig Cunningham, Teemu Pulkkinen

Scratches
Ross Johnston (Healthy), Patrick Russell (Healthy), Myles Bell (Healthy), Zach Whitecloud (Healthy), Nick Paul (Healthy)
Kurtis Gabriel (Healthy), Duncan Siemens (Healthy), Calle Andersson (Healthy), Clark Bishop (Healthy), Nikita Scherbak (Healthy)
JJ. Piccinich (Healthy), Michael Giugovaz (Healthy)

% Time on Ice - Senators

Lines # - Real PCT - Wanted PCT - Time Play
Normal Forward
1 - 34% - 40% - 17:20
2 - 28% - 30% - 14:06
3 - 21% - 20% - 10:38
4 - 17% - 10% - 8:40
Normal Defense
1 - 39% - 40% - 19:40
2 - 32% - 30% - 16:06
3 - 21% - 20% - 10:54
4 - 8% - 10% - 4:04
PP Forward
1 - 56% - 60% - 2:55
2 - 44% - 40% - 2:18
PP Defense
1 - 48% - 60% - 2:29
2 - 52% - 40% - 2:44
PK Forward
1 - 76% - 60% - 3:01
2 - 24% - 40% - 0:57
PK Defense
1 - 50% - 60% - 1:58
2 - 50% - 40% - 2:00
PK3 Forward
1 - 0% - 60%
2 - 0% - 40%
PK3 Defense
1 - 0% - 60%
2 - 0% - 40%
44 Forward
1 - 0% - 60%
2 - 0% - 40%
44 Defense
1 - 0% - 60%
2 - 0% - 40%
Last Minute Offensive  - 0:00
Last Minute Defensive  - 0:05
Total
Forward - 60:00
Defense - 60:00

% Time on Ice - IceHogs

Lines # - Real PCT - Wanted PCT - Time Play
Normal Forward
1 - 32% - 40% - 16:25
2 - 26% - 30% - 13:26
3 - 21% - 20% - 10:45
4 - 20% - 10% - 10:07
Normal Defense
1 - 35% - 40% - 17:38
2 - 31% - 30% - 15:52
3 - 27% - 20% - 13:33
4 - 7% - 10% - 3:40
PP Forward
1 - 53% - 60% - 2:07
2 - 47% - 40% - 1:51
PP Defense
1 - 58% - 60% - 2:18
2 - 42% - 40% - 1:40
PK Forward
1 - 76% - 60% - 3:57
2 - 24% - 40% - 1:16
PK Defense
1 - 64% - 60% - 3:19
2 - 36% - 40% - 1:54
PK3 Forward
1 - 0% - 60%
2 - 0% - 40%
PK3 Defense
1 - 0% - 60%
2 - 0% - 40%
44 Forward
1 - 0% - 60%
2 - 0% - 40%
44 Defense
1 - 0% - 60%
2 - 0% - 40%
Last Minute Offensive  - 0:06
Last Minute Defensive  - 0:00
Total
Forward - 60:00
Defense - 60:00

Play-by-Play

1st period


0:01 of 1st period - Michael Chaput wins face-off versus Kevin Rooney in neutral zone.
0:04 of 1st period - Scott Harrington is hit by Martins Karsums and loses puck.
0:35 of 1st period - Slapshot by Teemu Pulkkinen.
0:35 of 1st period - Shot Misses the Net.
0:37 of 1st period - Wrist shot by Teemu Pulkkinen.
0:37 of 1st period - Shot Hit the Post.
0:43 of 1st period - Minor Penalty to Dylan Blujus for Interference.
0:44 of 1st period - Jonathan Ferland wins face-off versus Michael Chaput in Senators zone.
1:13 of 1st period - Icing by Petter Granberg.
1:14 of 1st period - Tanner Richard wins face-off versus Jonathan Ferland in IceHogs zone.
1:33 of 1st period - Zachary Sanford is hit by Nick Mattson and loses puck.
1:42 of 1st period - Snap shot by Oliver Bjorkstrand.
1:42 of 1st period - Stopped by Justin Peters without a rebound.
1:43 of 1st period - Michael Chaput wins face-off versus Jonathan Ferland in Senators zone.
1:54 of 1st period - Slapshot by Stefan Matteau.
1:54 of 1st period - Shot Misses the Net.
2:08 of 1st period - Craig Cunningham is hit by Joonas Lyytinen and loses puck.
2:41 of 1st period - Jonathan Ferland is hit by Tanner Richard and loses puck.
2:43 of 1st period - Penalty to Dylan Blujus is over, Dylan Blujus is back on ice.
2:58 of 1st period - Slapshot by Jake Evans.
2:58 of 1st period - Stopped by Joe Cannata with a rebound.
3:00 of 1st period - Slapshot by Eric Mestery.
3:00 of 1st period - Shot Hit the Post.
3:02 of 1st period - Slapshot by Eric Mestery.
3:02 of 1st period - Deflect By Kyle Connor.
3:02 of 1st period - Shot Misses the Net.
3:02 of 1st period - Puck is out of play.
3:03 of 1st period - Anthony Richard wins face-off versus Michael Chaput in IceHogs zone.
3:16 of 1st period - Snap shot by Stefan Matteau.
3:16 of 1st period - Stopped by Justin Peters without a rebound.
3:17 of 1st period - Chandler Stephenson wins face-off versus Tanner Richard in Senators zone.
3:28 of 1st period - Snap shot by Craig Cunningham.
3:28 of 1st period - Shot Misses the Net.
3:30 of 1st period - Slapshot by Craig Cunningham.
3:30 of 1st period - Shot Blocked by Eric Mestery.
3:32 of 1st period - Snap shot by Tanner Richard.
3:32 of 1st period - Stopped by Justin Peters with a rebound.
3:44 of 1st period - Michael Chaput is hit by Kevin Rooney and loses puck.
4:26 of 1st period - Slapshot by Sam Reinhart.
4:26 of 1st period - Shot Misses the Net.
4:28 of 1st period - Slapshot by Mike Reilly.
4:28 of 1st period - Stopped by Justin Peters without a rebound.
4:29 of 1st period - Chandler Stephenson wins face-off versus Michael Chaput in Senators zone.
4:29 of 1st period - Chandler Stephenson is hit by Stefan Matteau.
5:07 of 1st period - Slapshot by Jonathan Ferland.
5:07 of 1st period - Goal by Jonathan Ferland - Senators : 1 - IceHogs : 0.
5:08 of 1st period - Michael Chaput wins face-off versus Chandler Stephenson in neutral zone.
6:04 of 1st period - Slapshot by Anthony Richard.
6:04 of 1st period - Stopped by Joe Cannata with a rebound.
6:06 of 1st period - Backhand shot by Warren Foegele.
6:06 of 1st period - Stopped by Joe Cannata without a rebound.
6:07 of 1st period - Chandler Stephenson wins face-off versus Michael Chaput in IceHogs zone.
6:10 of 1st period - Wrist shot by Zemgus Girgensons.
6:10 of 1st period - Shot Misses the Net.
6:12 of 1st period - Minor Penalty to Petter Granberg for Slashing.
6:13 of 1st period - Martins Karsums wins face-off versus Kevin Rooney in IceHogs zone.
8:12 of 1st period - Penalty to Petter Granberg is over, Petter Granberg is back on ice.
8:23 of 1st period - Snap shot by Kyle Connor.
8:23 of 1st period - Stopped by Joe Cannata with a rebound.
8:45 of 1st period - Icing by Petter Granberg.
8:46 of 1st period - Mikhail Grigorenko wins face-off versus Anthony Richard in IceHogs zone.
9:13 of 1st period - Snap shot by Martins Karsums.
9:13 of 1st period - Shot Misses the Net.
9:15 of 1st period - Wrist shot by Michael Chaput.
9:15 of 1st period - Stopped by Justin Peters without a rebound.
9:16 of 1st period - Jake Evans wins face-off versus Michael Chaput in Senators zone.
9:51 of 1st period - Wrist shot by Kyle Connor.
9:51 of 1st period - Shot Misses the Net.
9:53 of 1st period - Wrist shot by Jake Evans.
9:53 of 1st period - Deflect By Ben Harpur.
9:53 of 1st period - Stopped by Joe Cannata without a rebound.
9:54 of 1st period - Kevin Rooney wins face-off versus Oliver Bjorkstrand in IceHogs zone.
10:19 of 1st period - Tomas Jurco is hit by Petter Granberg and loses puck.
11:10 of 1st period - Snap shot by Stefan Matteau.
11:10 of 1st period - Shot Misses the Net.
11:33 of 1st period - Craig Cunningham is hit by Jonathan Ferland and loses puck.
12:10 of 1st period - Snap shot by Zachary Sanford.
12:10 of 1st period - Shot Misses the Net.
12:12 of 1st period - Snap shot by Dylan Blujus.
12:12 of 1st period - Stopped by Joe Cannata with a rebound.
12:30 of 1st period - Wrist shot by Sam Reinhart.
12:30 of 1st period - Shot Misses the Net.
12:36 of 1st period - Wrist shot by Jonathan Ferland.
12:36 of 1st period - Stopped by Joe Cannata with a rebound.
13:09 of 1st period - Zachary Sanford is hit by Mike Reilly and loses puck.
13:18 of 1st period - Jonathan Ferland is hit by Nick Mattson and loses puck.
13:35 of 1st period - Wrist shot by Zachary Sanford.
13:35 of 1st period - Stopped by Joe Cannata with a rebound.
13:37 of 1st period - Snap shot by Jonathan Ferland.
13:37 of 1st period - Stopped by Joe Cannata with a rebound.
13:39 of 1st period - Snap shot by Zachary Sanford.
13:39 of 1st period - Shot Misses the Net.
13:41 of 1st period - Snap shot by Zachary Sanford.
13:41 of 1st period - Shot Misses the Net.
13:43 of 1st period - Slapshot by Scott Harrington.
13:43 of 1st period - Stopped by Joe Cannata with a rebound.
14:31 of 1st period - Nick Mattson is hit by Zachary Sanford.
14:49 of 1st period - Snap shot by Jonathan Ferland.
14:49 of 1st period - Stopped by Joe Cannata with a rebound.
14:51 of 1st period - Snap shot by Zachary Sanford.
14:51 of 1st period - Stopped by Joe Cannata without a rebound.
14:52 of 1st period - Michael Chaput wins face-off versus Zemgus Girgensons in IceHogs zone.
15:01 of 1st period - Wrist shot by Stefan Matteau.
15:01 of 1st period - Shot Blocked by Chandler Stephenson.
15:03 of 1st period - Slapshot by Ben Harpur.
15:03 of 1st period - Stopped by Justin Peters with a rebound.
15:05 of 1st period - Snap shot by Ben Harpur.
15:05 of 1st period - Deflect By Michael Chaput.
15:05 of 1st period - Stopped by Justin Peters without a rebound.
15:06 of 1st period - Michael Chaput wins face-off versus Chandler Stephenson in Senators zone.
15:07 of 1st period - Slapshot by Martins Karsums.
15:07 of 1st period - Goal by Martins Karsums - Senators : 1 - IceHogs : 1.
15:08 of 1st period - Chandler Stephenson wins face-off versus Michael Chaput in neutral zone.
15:48 of 1st period - Slapshot by Tomas Jurco.
15:48 of 1st period - Shot Misses the Net.
15:50 of 1st period - Wrist shot by Zemgus Girgensons.
15:50 of 1st period - Stopped by Joe Cannata without a rebound.
15:51 of 1st period - Tanner Richard wins face-off versus Jake Evans in IceHogs zone.
16:05 of 1st period - Snap shot by Craig Cunningham.
16:05 of 1st period - Shot Misses the Net.
16:17 of 1st period - Anthony Richard is hit by Michael Chaput and loses puck.
16:38 of 1st period - Tomas Jurco is hit by Ben Harpur and loses puck.
16:53 of 1st period - Eric Mestery is hit by Martins Karsums and loses puck.
17:04 of 1st period - Michael Chaput is hit by Eric Mestery and loses puck.
17:15 of 1st period - Snap shot by Zemgus Girgensons.
17:15 of 1st period - Shot Misses the Net.
17:17 of 1st period - Wrist shot by Zemgus Girgensons.
17:17 of 1st period - Deflect By Chandler Stephenson.
17:17 of 1st period - Shot Misses the Net.
17:17 of 1st period - Puck is out of play.
17:18 of 1st period - Tanner Richard wins face-off versus Grant Besse in IceHogs zone.
18:29 of 1st period - Snap shot by Anthony Richard.
18:29 of 1st period - Stopped by Joe Cannata without a rebound.
18:30 of 1st period - Tanner Richard wins face-off versus Jake Evans in IceHogs zone.
18:55 of 1st period - Tomas Jurco is hit by Julius Honka and loses puck.
19:32 of 1st period - Curtis Lazar is hit by Zemgus Girgensons and loses puck.
19:49 of 1st period - Snap shot by Craig Cunningham.
19:49 of 1st period - Stopped by Justin Peters without a rebound.
19:50 of 1st period - Chandler Stephenson wins face-off versus Tanner Richard in Senators zone.
Goals for this period are 1 for Senators vs 1 for IceHogs.
Shots for this period are 15 for Senators vs 9 for IceHogs.

2nd period


0:01 of 2nd period - Chandler Stephenson wins face-off versus Michael Chaput in neutral zone.
0:16 of 2nd period - Wrist shot by Stefan Matteau.
0:16 of 2nd period - Goal by Stefan Matteau - Senators : 1 - IceHogs : 2.
0:17 of 2nd period - Kevin Rooney wins face-off versus Stefan Matteau in neutral zone.
0:45 of 2nd period - Petter Granberg is hit by Philippe Myers and loses puck.
1:51 of 2nd period - Wrist shot by Zachary Sanford.
1:51 of 2nd period - Shot Misses the Net.
1:53 of 2nd period - Slapshot by Philippe Myers.
1:53 of 2nd period - Stopped by Joe Cannata without a rebound.
1:54 of 2nd period - Chandler Stephenson wins face-off versus Oliver Bjorkstrand in IceHogs zone.
1:55 of 2nd period - Wrist shot by Tomas Jurco.
1:55 of 2nd period - Shot Blocked by Tanner Richard.
2:49 of 2nd period - Jonathan Ferland is hit by Martins Karsums and loses puck.
3:15 of 2nd period - Snap shot by Mattias Janmark.
3:15 of 2nd period - Deflect By Dylan Blujus.
3:15 of 2nd period - Stopped by Justin Peters with a rebound.
3:17 of 2nd period - Wrist shot by Mattias Janmark.
3:17 of 2nd period - Shot Misses the Net.
4:18 of 2nd period - Snap shot by Brett Bulmer.
4:18 of 2nd period - Shot Misses the Net.
4:40 of 2nd period - Joonas Lyytinen is hit by Sam Reinhart.
4:55 of 2nd period - Nick Mattson is hit by Jake Evans and loses puck.
5:16 of 2nd period - Teemu Pulkkinen is hit by Zachary Sanford and loses puck.
5:31 of 2nd period - Snap shot by Grant Besse.
5:31 of 2nd period - Shot Misses the Net.
5:45 of 2nd period - Philippe Myers is hit by Julius Honka.
5:51 of 2nd period - Wrist shot by Sam Reinhart.
5:51 of 2nd period - Deflect By Warren Foegele.
5:51 of 2nd period - Stopped by Justin Peters without a rebound.
5:52 of 2nd period - Michael Chaput wins face-off versus Jonathan Ferland in Senators zone.
5:55 of 2nd period - Wrist shot by Stefan Matteau.
5:55 of 2nd period - Stopped by Justin Peters with a rebound.
6:01 of 2nd period - Stefan Matteau is hit by Eric Mestery and loses puck.
6:06 of 2nd period - Slapshot by Zachary Sanford.
6:06 of 2nd period - Goal by Zachary Sanford - Senators : 2 - IceHogs : 2.
6:07 of 2nd period - Michael Chaput wins face-off versus Jonathan Ferland in neutral zone.
6:19 of 2nd period - Zachary Sanford is hit by Michael Chaput.
6:40 of 2nd period - Slapshot by Chandler Stephenson.
6:40 of 2nd period - Shot Misses the Net.
6:42 of 2nd period - Snap shot by Chandler Stephenson.
6:42 of 2nd period - Stopped by Joe Cannata with a rebound.
6:48 of 2nd period - Minor Penalty to Craig Cunningham for Boarding.
6:49 of 2nd period - Kevin Rooney wins face-off versus Martins Karsums in IceHogs zone.
8:34 of 2nd period - Zachary Sanford is hit by Mike Reilly and loses puck.
8:48 of 2nd period - Penalty to Craig Cunningham is over, Craig Cunningham is back on ice.
11:11 of 2nd period - Philippe Myers is hit by Rhett Rakhshani and loses puck.
12:08 of 2nd period - Sam Reinhart is hit by Eric Mestery.
12:28 of 2nd period - Anthony Richard is hit by Teemu Pulkkinen and loses puck.
12:49 of 2nd period - Kevin Rooney is hit by Craig Cunningham and loses puck.
12:58 of 2nd period - Kevin Rooney is hit by Craig Cunningham and loses puck.
13:11 of 2nd period - Chandler Stephenson is hit by Martins Karsums and loses puck.
13:37 of 2nd period - Snap shot by Jake Evans.
13:37 of 2nd period - Stopped by Joe Cannata with a rebound.
13:39 of 2nd period - Slapshot by Eric Mestery.
13:39 of 2nd period - Stopped by Joe Cannata with a rebound.
14:09 of 2nd period - Philippe Myers is hit by Tanner Richard and loses puck.
14:27 of 2nd period - Off-side.
14:28 of 2nd period - Kevin Rooney wins face-off versus Michael Chaput in neutral zone.
14:33 of 2nd period - Stefan Matteau is hit by Zachary Sanford and loses puck.
14:54 of 2nd period - Oliver Bjorkstrand is hit by Eric Mestery and loses puck.
15:35 of 2nd period - Icing by Scott Harrington.
15:36 of 2nd period - Anthony Richard wins face-off versus Michael Chaput in Senators zone.
16:07 of 2nd period - Snap shot by Jonathan Ferland.
16:07 of 2nd period - Shot Misses the Net.
16:29 of 2nd period - Slapshot by Zemgus Girgensons.
16:29 of 2nd period - Deflect By Tomas Jurco.
16:29 of 2nd period - Shot Hit the Post.
16:29 of 2nd period - Puck is out of play.
16:30 of 2nd period - Chandler Stephenson wins face-off versus Michael Chaput in IceHogs zone.
16:51 of 2nd period - Minor Penalty to Eric Mestery for Hooking.
16:52 of 2nd period - Michael Chaput wins face-off versus Jonathan Ferland in Senators zone.
17:47 of 2nd period - Zemgus Girgensons is hit by Nick Mattson and loses puck.
18:18 of 2nd period - Craig Cunningham is hit by Kevin Rooney and loses puck.
18:51 of 2nd period - Penalty to Eric Mestery is over, Eric Mestery is back on ice.
19:04 of 2nd period - Snap shot by Teemu Pulkkinen.
19:04 of 2nd period - Shot Misses the Net.
19:54 of 2nd period - Mike Reilly is hit by Zemgus Girgensons.
Goals for this period are 1 for Senators vs 1 for IceHogs.
Shots for this period are 5 for Senators vs 4 for IceHogs.

3rd period


0:01 of 3rd period - Michael Chaput wins face-off versus Zachary Sanford in neutral zone.
0:04 of 3rd period - Slapshot by Stefan Matteau.
0:04 of 3rd period - Stopped by Justin Peters with a rebound.
0:33 of 3rd period - Slapshot by Craig Cunningham.
0:33 of 3rd period - Stopped by Justin Peters with a rebound.
0:35 of 3rd period - Snap shot by Craig Cunningham.
0:35 of 3rd period - Shot Blocked by Scott Harrington.
1:32 of 3rd period - Wrist shot by Craig Cunningham.
1:32 of 3rd period - Stopped by Justin Peters with a rebound.
1:34 of 3rd period - Slapshot by Craig Cunningham.
1:34 of 3rd period - Stopped by Justin Peters with a rebound.
1:36 of 3rd period - Slapshot by Petter Granberg.
1:36 of 3rd period - Deflect By Oliver Bjorkstrand.
1:36 of 3rd period - Stopped by Justin Peters with a rebound.
1:38 of 3rd period - Snap shot by Craig Cunningham.
1:38 of 3rd period - Stopped by Justin Peters without a rebound.
1:39 of 3rd period - Zachary Sanford wins face-off versus Michael Chaput in Senators zone.
1:44 of 3rd period - Michael Chaput is hit by Zachary Sanford and loses puck.
2:03 of 3rd period - Tomas Jurco is hit by Tanner Richard.
2:04 of 3rd period - Icing by Tomas Jurco.
2:05 of 3rd period - Tanner Richard wins face-off versus Chandler Stephenson in Senators zone.
2:18 of 3rd period - Slapshot by Philippe Myers.
2:18 of 3rd period - Deflect By Zemgus Girgensons.
2:18 of 3rd period - Stopped by Joe Cannata with a rebound.
2:34 of 3rd period - Zachary Sanford is hit by Michael Chaput and loses puck.
2:39 of 3rd period - Slapshot by Stefan Matteau.
2:39 of 3rd period - Shot Blocked by Kevin Rooney.
2:41 of 3rd period - Snap shot by Stefan Matteau.
2:41 of 3rd period - Deflect By Michael Chaput.
2:41 of 3rd period - Stopped by Justin Peters without a rebound.
2:42 of 3rd period - Tanner Richard wins face-off versus Chandler Stephenson in Senators zone.
2:43 of 3rd period - Snap shot by Craig Cunningham.
2:43 of 3rd period - Shot Misses the Net.
3:14 of 3rd period - Icing by Kevin Rooney.
3:15 of 3rd period - Kevin Rooney wins face-off versus Michael Chaput in Senators zone.
3:15 of 3rd period - Kevin Rooney is hit by Michael Chaput.
3:40 of 3rd period - Off-side.
3:41 of 3rd period - Tanner Richard wins face-off versus Chandler Stephenson in neutral zone.
3:54 of 3rd period - Scott Harrington is hit by Petter Granberg and loses puck.
3:59 of 3rd period - Wrist shot by Tanner Richard.
3:59 of 3rd period - Deflect By Chandler Stephenson.
3:59 of 3rd period - Shot Blocked by Dylan Blujus.
3:59 of 3rd period - Puck is out of play.
4:00 of 3rd period - Michael Chaput wins face-off versus Zachary Sanford in Senators zone.
4:03 of 3rd period - Wrist shot by Stefan Matteau.
4:03 of 3rd period - Shot Blocked by Eric Mestery.
4:05 of 3rd period - Slapshot by Ben Harpur.
4:05 of 3rd period - Shot Blocked by Eric Mestery.
4:07 of 3rd period - Wrist shot by Stefan Matteau.
4:07 of 3rd period - Shot Blocked by Eric Mestery.
4:09 of 3rd period - Slapshot by Michael Chaput.
4:09 of 3rd period - Stopped by Justin Peters with a rebound.
4:11 of 3rd period - Slapshot by Ben Harpur.
4:11 of 3rd period - Shot Blocked by Jack Dougherty.
4:13 of 3rd period - Slapshot by Petter Granberg.
4:13 of 3rd period - Stopped by Justin Peters with a rebound.
4:30 of 3rd period - Slapshot by Craig Cunningham.
4:30 of 3rd period - Shot Misses the Net.
5:04 of 3rd period - Snap shot by Tomas Jurco.
5:04 of 3rd period - Stopped by Joe Cannata without a rebound.
5:05 of 3rd period - Stefan Matteau wins face-off versus Kevin Rooney in IceHogs zone.
5:17 of 3rd period - Off-side.
5:18 of 3rd period - Kevin Rooney wins face-off versus Michael Chaput in neutral zone.
5:44 of 3rd period - Kevin Rooney is hit by Teemu Pulkkinen and loses puck.
6:05 of 3rd period - Eric Mestery is hit by Craig Cunningham and loses puck.
7:07 of 3rd period - Snap shot by Zachary Sanford.
7:07 of 3rd period - Stopped by Joe Cannata with a rebound.
7:09 of 3rd period - Slapshot by Zachary Sanford.
7:09 of 3rd period - Stopped by Joe Cannata with a rebound.
7:11 of 3rd period - Slapshot by Eric Mestery.
7:11 of 3rd period - Shot Misses the Net.
7:19 of 3rd period - Snap shot by Zachary Sanford.
7:19 of 3rd period - Shot Misses the Net.
7:21 of 3rd period - Slapshot by Eric Mestery.
7:21 of 3rd period - Shot Blocked by Ben Harpur.
7:23 of 3rd period - Slapshot by Eric Mestery.
7:23 of 3rd period - Stopped by Joe Cannata with a rebound.
7:25 of 3rd period - Backhand shot by Zachary Sanford.
7:25 of 3rd period - Stopped by Joe Cannata with a rebound.
7:27 of 3rd period - Slapshot by Eric Mestery.
7:27 of 3rd period - Shot Misses the Net.
7:47 of 3rd period - Snap shot by Jonathan Ferland.
7:47 of 3rd period - Shot Blocked by Petter Granberg.
7:49 of 3rd period - Snap shot by Jonathan Ferland.
7:49 of 3rd period - Shot Misses the Net.
7:51 of 3rd period - Slapshot by Jack Dougherty.
7:51 of 3rd period - Shot Misses the Net.
8:03 of 3rd period - Snap shot by Jonathan Ferland.
8:03 of 3rd period - Stopped by Joe Cannata with a rebound.
8:05 of 3rd period - Wrist shot by Jonathan Ferland.
8:05 of 3rd period - Shot Misses the Net.
8:11 of 3rd period - Snap shot by Zachary Sanford.
8:11 of 3rd period - Stopped by Joe Cannata with a rebound.
8:13 of 3rd period - Snap shot by Kevin Rooney.
8:13 of 3rd period - Stopped by Joe Cannata without a rebound.
8:14 of 3rd period - Chandler Stephenson wins face-off versus Tanner Richard in IceHogs zone.
8:17 of 3rd period - Snap shot by Chandler Stephenson.
8:17 of 3rd period - Stopped by Joe Cannata with a rebound.
8:28 of 3rd period - Slapshot by Mike Reilly.
8:28 of 3rd period - Deflect By Dylan Blujus.
8:28 of 3rd period - Stopped by Justin Peters with a rebound.
8:30 of 3rd period - Wrist shot by Tanner Richard.
8:30 of 3rd period - Deflect By Zemgus Girgensons.
8:30 of 3rd period - Shot Blocked by Dylan Blujus.
8:30 of 3rd period - Puck is out of play.
8:31 of 3rd period - Jake Evans wins face-off versus Mikhail Grigorenko in Senators zone.
8:58 of 3rd period - Chandler Stephenson is hit by Tanner Richard and loses puck.
9:41 of 3rd period - Joonas Lyytinen is hit by Nick Mattson.
9:50 of 3rd period - Philippe Myers is hit by Rhett Rakhshani and loses puck.
10:05 of 3rd period - Craig Cunningham is hit by Joonas Lyytinen.
10:55 of 3rd period - Brett Bulmer is hit by Patrick Sieloff and loses puck.
11:44 of 3rd period - Eric Mestery is hit by Mattias Janmark and loses puck.
13:31 of 3rd period - Kyle Connor is hit by Nick Mattson and loses puck.
14:16 of 3rd period - Tomas Jurco is hit by Petter Granberg and loses puck.
14:58 of 3rd period - Wrist shot by Sam Reinhart.
14:58 of 3rd period - Shot Misses the Net.
15:34 of 3rd period - Joel Eriksson Ek is hit by Mikhail Grigorenko and loses puck.
15:49 of 3rd period - Minor Penalty to Teemu Pulkkinen for Hooking.
15:50 of 3rd period - Kevin Rooney wins face-off versus Martins Karsums in IceHogs zone.
15:51 of 3rd period - Wrist shot by Jonathan Ferland.
15:51 of 3rd period - Stopped by Joe Cannata without a rebound.
15:52 of 3rd period - Martins Karsums wins face-off versus Kevin Rooney in IceHogs zone.
16:05 of 3rd period - Wrist shot by Jonathan Ferland.
16:05 of 3rd period - Shot Misses the Net.
16:07 of 3rd period - Wrist shot by Jonathan Ferland.
16:07 of 3rd period - Goal by Jonathan Ferland - Senators : 3 - IceHogs : 2.
16:08 of 3rd period - Mikhail Grigorenko wins face-off versus Jake Evans in neutral zone.
16:34 of 3rd period - Jonathan Ferland is hit by Stefan Matteau and loses puck.
16:41 of 3rd period - Wrist shot by Stefan Matteau.
16:41 of 3rd period - Stopped by Justin Peters without a rebound.
16:42 of 3rd period - Michael Chaput wins face-off versus Kevin Rooney in Senators zone.
16:45 of 3rd period - Backhand shot by Michael Chaput.
16:45 of 3rd period - Shot Misses the Net.
17:19 of 3rd period - Wrist shot by Teemu Pulkkinen.
17:19 of 3rd period - Stopped by Justin Peters with a rebound.
17:38 of 3rd period - Wrist shot by Chandler Stephenson.
17:38 of 3rd period - Shot Misses the Net.
17:40 of 3rd period - Wrist shot by Chandler Stephenson.
17:40 of 3rd period - Shot Blocked by Craig Cunningham.
17:42 of 3rd period - Wrist shot by Chandler Stephenson.
17:42 of 3rd period - Stopped by Joe Cannata with a rebound.
17:44 of 3rd period - Slapshot by Chandler Stephenson.
17:44 of 3rd period - Shot Misses the Net.
17:56 of 3rd period - Dylan Blujus is hit by Ben Harpur and loses puck.
19:02 of 3rd period - Minor Penalty to Ben Harpur for Hooking.
19:03 of 3rd period - Martins Karsums wins face-off versus Zachary Sanford in IceHogs zone.
Goals for this period are 1 for Senators vs 0 for IceHogs.
Shots for this period are 13 for Senators vs 12 for IceHogs.